 Dungeon Crawl Stone Soup version 0.32-a0-571-gec57dfcd37 (webtiles) character file.

Game seed: 475328797301524761

189 BeKind the Chiller (level 5, -2/31 HPs)
             Began as an Octopode Ice Elementalist on Mar 1, 2024.
             Slain by an orc wizard
             ... wielding a +0 dagger
              (3 damage)
             ... on level 4 of the Dungeon.
             The game lasted 00:03:44 (2540 turns).

BeKind the Chiller (Octopode Ice Elementalist)      Turns: 2540, Time: 00:03:44

Health: -2/31      AC:  1    Str:  8    XL:     5   Next: 68%
Magic:  9/9        EV: 14    Int: 20    God:
Gold:   169        SH:  0    Dex: 14    Spells: 6/10 levels left

rFire   . . .        i - +3 dagger "Moostruag" {freeze, rPois rN+ Int+3}
rCold   . . .        (no shield)
rNeg    + . .        (helmet restricted)
rPois   +            (no amulet)
rElec   .            (no ring)
rCorr   .            (no ring)
SInv    .            (no ring)
Will    +....        (no ring)
Stlth   +++          (no ring)
HPRegen 0.25/turn    (no ring)
MPRegen 0.11/turn    (no ring)
                     (no ring)

%: no passive effects
@: mighty, enlightened, flying
A: almost no armour, amphibious, 8 rings, camouflage 1, gelatinous body 1,
(nimble swimmer 1), tentacles
a: no special abilities


You were on level 4 of the Dungeon.
You visited 1 branch of the dungeon, and saw 4 of its levels.

You collected 169 gold pieces.

Inventory:

Hand Weapons
 b - a +0 dagger
 d - a +3 dagger
 h - a +4 flail of pain
 i - the +3 dagger "Moostruag" (weapon) {freeze, rPois rN+ Int+3}
   (You found it on level 3 of the Dungeon)

   Int+3:     It affects your intelligence (+3).
   rPois:     It protects you from poison rN+: It protects you from negative
   energy.
Talismans
 o - a serpent talisman
Scrolls
 c - 2 scrolls of identify {unknown}
 e - 4 scrolls of vulnerability {unknown}
 g - a scroll of immolation {unknown}
 l - a scroll of acquirement {unknown}
Potions
 a - a potion of magic
 j - a potion of degeneration {unknown}
 k - a potion of curing {unknown}
 n - a potion of haste {unknown}


   Skills:
 + Level 1.3 Short Blades
 + Level 3.4 Dodging
 - Level 3.0 Stealth
 + Level 3.2 Spellcasting
 + Level 4.9 Ice Magic


You had 6 spell levels left.
You knew the following spells:

 Your Spells              Type           Power      Damage    Failure   Level
a - Freeze                Ice            92%        1d9       1%          1
b - Frozen Ramparts       Ice            46%        1d7       5%          3

Your spell library contained the following spells:

 Spells                   Type           Power      Damage    Failure   Level
 Ozocubu's Armour         Ice            23%        N/A       5%          3
 Summon Ice Beast         Ice/Summ       13%        N/A       16%         3
 Cigotuvi's Dreadful Rot  Necr/Alch/Air  6%         N/A       22%         2
 Mephitic Cloud           Conj/Alch/Air  3%         N/A       38%         3
 Chain Lightning          Conj/Air       1%         3d2       100%        9


Dungeon Overview and Level Annotations

Branches:
Dungeon (4/15)
 Temple: D:4-7

Altars:
Elyvilon

Shops:
D:3 [


Innate Abilities, Weirdness & Mutations

You cannot wear most types of armour.
You are amphibious.
You can wear up to eight rings at the same time.
Your skin changes colour to match your surroundings (Stealth+).
Your rubbery body absorbs attacks. (AC +1, EV +1)
((You are camouflaged when in or above water. (Stealth+)))
You have tentacles for arms and can constrict up to eight enemies at once.


Message History

You bump into the closed door.
Something hits you. The orc misses you.
An orc wizard opens the door.
Found a ring mail.
A goblin comes into view. It is wielding a +0 dagger.
You bump into the rock wall.
Something hits you. The orc closely misses you.
You closely miss something.
The goblin shouts!
Something hits you.
You closely miss the orc wizard. You squeeze the orc wizard.
The orc wizard is heavily wounded.
The orc misses you. The orc closely misses you.
The orc wizard hits you with a +0 dagger.
Something hits you.
You bump into the rock wall.
You feel less confused. The orc completely misses you.
The orc barely misses you. The orc wizard closely misses you.
Something hits you.
You barely miss the orc wizard. You grab the orc wizard.
You squeeze the orc wizard.
The orc wizard is heavily wounded.
You constrict the orc wizard. The orc closely misses you.
The orc barely misses you.
The orc wizard hits you with a +0 dagger.
Something barely misses you.
It was a potion of might.
You feel very mighty all of a sudden.
You constrict the orc wizard. The orc wizard misses you.
The orc barely misses you.
The orc hits you with a +0 hand axe of flaming.
* * * LOW HITPOINT WARNING * * *
The orc burns you.
* * * LOW HITPOINT WARNING * * *
Something hits you.
* * * LOW HITPOINT WARNING * * *
It was a potion of enlightenment.
You feel very buoyant.
You fly up into the air.
You constrict the orc wizard. The orc closely misses you.
The orc barely misses you. The orc wizard barely misses you.
Something hits you.
You die...

....# #.# #####
#######.###
..........#
#######.#+## #....#
#### #....#
.....#####....+ .
.....?........###....
............{@og.....
####........o.##...[.
########..o.# +##
......# #.........
+...........
#...#'#......
+...#.#....##
#...#.##...#


You could see an orc wizard, 2 orcs and a goblin.

Vanquished Creatures
  Natasha (thrice) (D:3)
  3 gnolls
  3 adders
  An adder skeleton (D:2)
  3 dart slugs (D:1)
  5 ball pythons (D:1)
  5 bats
  8 endoplasms
  4 hobgoblins
  4 quokkas
  A ball python skeleton (D:2)
  A frilled lizard (D:1)
  A giant cockroach zombie (D:2)
  3 goblins
  7 kobolds
  A quokka zombie (D:2)
  3 rats
56 creatures vanquished.

Notes
Turn   | Place    | Note
-------+----------+-------------------------------------------
     0 | D:1      | BeKind the Octopode Ice Elementalist began the quest for
                  | the Orb.
     0 | D:1      | Reached XP level 1. HP: 11/11 MP: 3/3
    51 | D:1      | Reached XP level 2. HP: 13/17 MP: 0/5
   380 | D:1      | Reached XP level 3. HP: 13/21 MP: 6/6
   998 | D:2      | Got the Codex of the Squall
  1010 | D:1      | Reached XP level 4. HP: 6/27 MP: 6/8
  1588 | D:3      | Identified the +3 dagger "Moostruag" {freeze, rPois rN+
                  | Int+3}
  1595 | D:3      | Learned a level 3 spell: Frozen Ramparts
  1850 | D:3      | Found Suiclex's Armour Shop.
  1891 | D:3      | Noticed Natasha
  1897 | D:3      | Killed Natasha
  1898 | D:3      | Reached XP level 5. HP: 25/31 MP: 9/9
  1994 | D:3      | Noticed Natasha
  1999 | D:3      | Killed Natasha
  2000 | D:3      | Reached skill level 1 in Short Blades
  2028 | D:3      | Noticed Natasha
  2034 | D:3      | Killed Natasha
  2345 | D:2      | Found a white marble altar of Elyvilon.
  2539 | D:4      | HP: 1/31 [something (3)]
  2540 | D:4      | Slain by an orc wizard

Illustrated notes

Levels and vault maps discovered:
D:1:      dpeg_arrival_shelter, layout_basic
D:2:      layout_rooms, serial_undead, serial_undead_e, serial_undead_a,
          serial_undead_f, serial_undead_b, basic_altar
D:3:      layout_rooms, serial_shops, nicolae_shop_window_shopping, hex_medium,
          uniq_natasha
D:4:      layout_basic, cheibrodos_sewer_entry_drain, uniq_sigmund

Skill      XL: |  1  2  3  4  5 |
---------------+----------------+-----
Stealth        | 3 |  3.0
Dodging        | 3 |  3.4
Spellcasting   | 3 |  3.2
Short Blades   | 1 |  1.3
Ice Magic      | |  4.9

Action                     |  1- 3 |  4- 6 || total
---------------------------+-------+-------++-------
  Melee: Unarmed           |    13 |       ||    13
         Constrict         |    17 |    13 ||    30
         Tentacles         |    14 |    12 ||    26
         Dagger            |    40 |    47 ||    87
         Flail             |       |     1 ||     1
   Cast: Freeze            |     4 |     3 ||     7
    Use: Potion            |       |     2 ||     2
   Stab: Sleeping          |     7 |     2 ||     9
         Distracted        |       |     1 ||     1
 Armour: Skin              |    27 |    28 ||    55
  Dodge: Dodged            |    34 |    40 ||    74

Table legend: (Time is in decaauts)
 A = Elapsed time spent in this place.
 B = Non-inter-level travel time spent in this place.
 C = Inter-level travel time spent in this place.
 D = Time resting spent in this place.
 E = Time spent auto-exploring this place.
 F = Levels seen in this place.
 G = Mean time per level.
                   A        B        C        D        E       F      G
               +--------+--------+--------+--------+--------+-----+--------+
         Total |   2539 |   2278 |    261 |    444 |   1443 |   4 |  634.8 |
       Dungeon |   2539 |   2278 |    261 |    444 |   1443 |   4 |  634.8 |
               +--------+--------+--------+--------+--------+-----+--------+

Top non-repeatable levels by time:
     D:1: 1467 daAuts
     D:3: 514 daAuts
     D:2: 494 daAuts
     D:4: 63 daAuts
